 Dungeon Crawl Stone Soup version 0.25-a0-781-gc44aebf4fe (webtiles) character file.

Game seed: 1623436701077035176, levelgen mode: deterministic

10 vishdafish the Skirmisher (level 2, 21/24 HPs)
             Began as a Demonspawn Fighter on Apr 15, 2020.
             Quit the game on level 1 of the Dungeon.
             The game lasted 00:01:02 (313 turns).

vishdafish the Skirmisher (Demonspawn Fighter)       Turns: 313, Time: 00:01:02

Health: 21/24      AC:  6    Str: 16    XL:     2   Next: 10%
Magic:  2/2        EV:  6    Int:  9    God:
Gold:   48         SH:  8    Dex: 12    Spells: 1/1 levels left

rFire    . . .     SeeInvis .   a - +0 long sword
rCold    . . .     Gourm    .   c - +0 kite shield
rNeg     . . .     Faith    .   b - +0 scale mail
rPois    .         Spirit   .   (helmet restricted)
rElec    .         Reflect  .   (no cloak)
rCorr    .         Harm     .   (no gloves)
MR       .....                  (no boots)
Stlth    ..........             (no amulet)
HPRegen  0.08/turn              (no ring)
MPRegen  0.08/turn              (no ring)

@: no status effects
A: horns 1
a: no special abilities


You were on level 1 of the Dungeon.
You were not hungry.

You visited 1 branch of the dungeon, and saw 1 of its levels.

You collected 48 gold pieces.

Inventory:

Hand Weapons
 a - a +0 long sword (weapon)
Armour
 b - a +0 scale mail (worn)
 c - a +0 kite shield (worn)
Scrolls
 e - a scroll of magic mapping {unknown}
 g - 2 scrolls of immolation {unknown}
 k - a scroll of blinking {unknown}
Potions
 d - a potion of might
 h - 2 potions of magic {unknown}
 i - a potion of mutation {unknown}
 j - a potion of brilliance {unknown}
Comestibles
 f - 2 rations


   Skills:
 + Level 3.2 Fighting
 + Level 2.0 Long Blades
 + Level 2.8 Armour
 + Level 2.8 Shields


You had one spell level left.
You didn't know any spells.
Your spell library was empty.

Dungeon Overview and Level Annotations

Branches:
Dungeon (1/15)

Altars:


Innate Abilities, Weirdness & Mutations

You have a pair of small horns on your head.


Message History

The kobold hits you but does no damage.
You slash the kobold!
You kill the kobold!
Your Long Blades skill increases to level 2!
No target in view!
No target in view!
No target in view!
No target in view!
No target in view!
No target in view!
No target in view!
No target in view!
No target in view!
No target in view!
No target in view!
No target in view!
No target in view!
No target in view!
No target in view!
Are you sure you want to abandon this character and quit the game? (Confirm with "yes".)

#......^##........#....#(..
#..........###......#..#)##
#######....'.#....#)#......
##.#########....#.#....#.#....#.
>.............................#.
....########(......#.#....†...#.
. #().....#.####.....#.
#.....).#.###......#.
##..@.###.#..#(.####.
#.########.#.....#..#.....#.
'.....................†....>
#.......##.#######.####.#.#.
#######.##................#.
#.#.......###.###.###.
#.#.###.##.....##.###. #...
#........##..##. ....
####.....###.##.


There were no monsters in sight!

Vanquished Creatures
  A leopard gecko (D:1)
  A giant cockroach (D:1)
  A hobgoblin (D:1)
  A kobold (D:1)
  A ball python (D:1)
  2 frilled lizards (D:1)
  A goblin (D:1)
  2 rats (D:1)
10 creatures vanquished.

Notes
Turn   | Place    | Note
-------+----------+-------------------------------------------
     0 | D:1      | vishdafish the Demonspawn Fighter began the quest for the
                  | Orb.
     0 | D:1      | Reached XP level 1. HP: 18/18 MP: 1/1
   307 | D:1      | Gained mutation: You have a pair of small horns on your
                  | head. [demonic ancestry]
   307 | D:1      | Reached XP level 2. HP: 21/24 MP: 2/2
   313 | D:1      | Quit the game

Levels and vault maps discovered:
D:1:      saegor_arrival_miasma, layout_basic

Skill      XL: |  1  2 |
---------------+-------+-----
Long Blades    | 2 |  2.0
Fighting       | |  3.2
Armour         | |  2.8
Shields        | |  2.8

Action                   || total
-------------------------++-------
Melee: Long sword        ||    20
       Headbutt          ||     1
Armor: Scale mail        ||     6
Dodge: Dodged            ||     3
Block: Kite shield       ||     9
       Rpst.: Long sword ||     1

Table legend:
 A = Non-vault XP
 B = Vault XP
 C = Vault XP percentage of total XP
 D = Non-vault monster count
 E = Vault monster count
 F = Vault count percentage of total count
                 A         B        C        D         E       F
            +---------+---------+-------+---------+---------+-------
      Total |      15 |       0 |   0.0 |      10 |       0 |   0.0
            +---------+---------+-------+---------+---------+-------
        D:1 |      15 |       0 |   0.0 |      10 |       0 |   0.0
            +---------+---------+-------+---------+---------+-------
